 Dungeon Crawl Stone Soup version 0.21-a0-265-gb353147 (webtiles) character file.

4540 tilp the Prestidigitator (level 10, 0/69 HPs)
             Began as a Hill Orc Fire Elementalist on Sept 10, 2017.
             Was an Elder of Okawaru.
             Slain by a hog (5 damage)
             ... on level 8 of the Dungeon.
             The game lasted 00:44:34 (9584 turns).

tilp the Prestidigitator (HOFE)                     Turns: 9584, Time: 00:44:35

Health: 0/69       AC:  6    Str: 12    XL:     10   Next: 40%
Magic:  3/17       EV: 12    Int: 18    God:    Okawaru [****..]
Gold:   465        SH:  0    Dex: 15    Spells: 3/18 levels left

rFire    . . .     SeeInvis .   a - +4 dire flail (freeze)
rCold    . . .     Gourm    .   (shield currently unavailable)
rNeg     . . .     Faith    .   e - +0 robe
rPois    .         Spirit   .   t - +2 helmet
rElec    .         Reflect  .   (no cloak)
rCorr    .         Harm     .   x - +0 pair of gloves
MR       +....                  (no boots)
Stlth    +++.......             A - amulet of regeneration
HPRegen  0.61/turn              f - ring "Plog" {+Inv MR+ Dex+4 Stlth+}
MPRegen  0.15/turn              (no ring)

@: no status effects
A: no striking features
a: Heroism, Renounce Religion, Evoke Invisibility


You were on level 8 of the Dungeon.
You worshipped Okawaru.
Okawaru was greatly pleased with you.
You were hungry.

You visited 2 branches of the dungeon, and saw 9 of its levels.

You collected 465 gold pieces.

Inventory:

Hand Weapons
 a - a +4 dire flail of freezing (weapon)
 b - a +0 hunting sling
 h - a +2 dagger of protection
 C - a cursed +3 scimitar
Missiles
 m - 6 tomahawks of returning (quivered)
 n - 159 stones
 s - 43 sling bullets
Armour
 e - a +0 robe (worn)
 t - a +2 helmet (worn)
 x - a +0 pair of gloves (worn)
Magical Staves
 k - an uncursed staff of air {unknown}
Jewellery
 f - the ring "Plog" (left hand) {+Inv MR+ Dex+4 Stlth+}
   (You found it on level 5 of the Dungeon)

   [ring of stealth]

   It affects your dexterity (+4).
   It affects your resistance to hostile enchantments.
   It lets you turn invisible.
   It makes you more stealthy.
 z - a +5 ring of slaying {unknown}
 A - an amulet of regeneration (around neck)
 D - a cursed ring of loudness {unknown}
Wands
 F - a wand of disintegration (10/24)
Scrolls
 g - 2 scrolls of enchant weapon
 i - 6 scrolls of remove curse
 j - 3 scrolls of magic mapping
 l - a scroll of enchant armour {unknown}
 o - 5 scrolls of teleportation
 p - a scroll of amnesia {unknown}
 q - 3 scrolls of recharging
 r - 2 scrolls of fog
 y - a scroll of fear {unknown}
 E - a scroll of immolation {unknown}
Potions
 u - 3 potions of mutation
 v - 3 potions of curing
 w - 2 potions of might
 B - a potion of flight {unknown}
 H - a potion of magic {unknown}
 I - a potion of haste {unknown}
Books
 d - a book of Flames

   Spells                             Type                      Level
   a - Flame Tongue                   Conjuration/Fire             1
   b - Throw Flame                    Conjuration/Fire             2
   c - Conjure Flame                  Conjuration/Fire             3
   d - Inner Flame                    Hexes/Fire                   3
   e - Sticky Flame                   Conjuration/Fire             4
   f - Fireball                       Conjuration/Fire             5
Comestibles
 c - 6 bread rations


   Skills:
 - Level 1.5 Dodging
 - Level 1.5 Stealth
 + Level 4.6 Spellcasting
 + Level 7.1 Conjurations
 + Level 7.1 Fire Magic
 - Level 10.1 Evocations


You had 3 spell levels left.
You knew the following spells:

 Your Spells              Type           Power        Failure   Level  Hunger
a - Flame Tongue          Conj/Fire      ####.        1%          1    None
b - Throw Flame           Conj/Fire      ####..       1%          2    #......
c - Conjure Flame         Conj/Fire      ####....     2%          3    ###....
d - Sticky Flame          Conj/Fire      ####....     7%          4    ####...
e - Fireball              Conj/Fire      ####......   21%         5    ######.


Dungeon Overview and Level Annotations

Branches:
Dungeon (8/15)             Temple (1/1) D:6            Lair (0/6) D:8

Altars:
Ashenzari
Cheibriados
Dithmenos
Elyvilon
Gozag
Hepliaklqana
Kikubaaqudgha
Makhleb
Nemelex Xobeh
Okawaru
Qazlal
Ru
Sif Muna
Trog
Uskayaw
Vehumet
Wu Jian
Xom
Yredelemnul
Zin
The Shining One

Annotations:
D:7 2 transporters, 1 runed door, exclusions: ice statue and 3 killer bees


Message History

The hog burns!
There is an open door here.
The hog burns!
The hog burns! x2; The hog bites you!
* * * LOW HITPOINT WARNING * * *
The hog burns! x2
You kill the hog!
Okawaru accepts your kill.
Your Conjurations skill increases to level 7!
The hog burns!
You kill the hog!
Okawaru accepts your kill.
You fail to use your ability.
Aiming: Disintegrate (will waste charges)
Press: ? - help, Shift-Dir - straight line, f - hog
Aim: a hog (chance to defeat MR: 91%)
The hog is blasted.
Evoking this partially-identified wand wasted a few charges.
The hog bites you.
You die...

. #†)#..#####'#..#......#.. .
##'#####........#......#.# .
#...#..................#.# #
#...†..................#)# #
#...#....................# #
#...#....................# #
#...#.............#.####.#
########.......h.......#.#.# #.#
..##..÷...P...P.@.P....#.#.# #.#
..##..............P....#.#.# #.#
..##...........P♣.PP...#.#.# #.#
..............P[.....###...####.#
.........P.P..♣P.P...P#.........#
..#####........PP......###....†##
..# ##..P...P>........# #.....#
### #....P....P..P.PP####.....##
#.......PP.......#..........


You could see a hog.

Vanquished Creatures
  A two-headed ogre (D:8)
  A human (D:8)
  3 hogs (D:8)
  3 basilisks (D:8)
  Menkaure (D:4)
  A water moccasin (D:8)
  2 porcupines (D:8)
  An ice beast (D:8)
  2 black bears (D:8)
  3 ogres
  2 wolves (D:8)
  5 centaurs
  A crocodile (D:8)
  3 bullfrogs
  A scorpion (D:7)
  4 wights (D:6)
  A crimson imp (D:7)
  5 hounds
  A jelly (D:7)
  2 orc priests (D:7)
  An iron imp (D:8)
  2 orc wizards (D:7)
  3 iguanas
  8 worker ants
  A hound zombie (D:8)
  A hound skeleton (D:8)
  7 gnolls
  14 adders
  2 shadow imps (D:6)
  An ooze (D:1)
  An adder zombie (D:7)
  2 adder skeletons
  2 worms
  A dart slug (D:1)
  2 leopard geckos
  5 orcs
  8 giant cockroaches
  5 goblins
  12 hobgoblins
  7 jackals
  12 kobolds
  8 quokkas
  7 bats
  6 frilled lizards
  A jackal skeleton (D:8)
  2 leopard gecko skeletons
  A quokka skeleton (D:4)
  A quokka zombie (D:8)
  8 rats
  A spectral orc (D:3)
175 creatures vanquished.

Vanquished Creatures (others)
  2 fungi (D:8)
  2 plants (D:8)
4 creatures vanquished.

Grand Total: 179 creatures vanquished

Notes
Turn   | Place    | Note
-------+----------+-------------------------------------------
     0 | D:1      | tilp the Hill Orc Fire Elementalist began the quest for the Orb.
     0 | D:1      | Reached XP level 1. HP: 14/14 MP: 3/3
   124 | D:1      | Reached XP level 2. HP: 14/20 MP: 4/4
   741 | D:1      | Reached XP level 3. HP: 23/26 MP: 5/5
  1235 | D:2      | Found a faded altar of an unknown god.
  1517 | D:2      | Learned a level 2 spell: Throw Flame
  1521 | D:2      | Learned a level 3 spell: Conjure Flame
  1758 | D:2      | Found a radiant altar of Vehumet.
  1771 | D:2      | Reached XP level 4. HP: 26/33 MP: 7/7
  2319 | D:2      | Found a shimmering altar of Xom.
  2617 | D:3      | Found a basalt altar of Yredelemnul.
  3027 | D:3      | Reached XP level 5. HP: 36/38 MP: 0/8
  3664 | D:4      | Reached XP level 6. HP: 41/45 MP: 6/10
  3714 | D:4      | Noticed Menkaure
  3718 | D:4      | Killed Menkaure
  3718 | D:4      | Reached skill level 5 in Fire Magic
  4091 | D:4      | Found a sparkling altar of Nemelex Xobeh.
  4506 | D:4      | Found an iron altar of Okawaru.
  4658 | D:4      | Became a worshipper of Warmaster Okawaru
  4702 | D:5      | Entered Level 5 of the Dungeon
  4706 | D:5      | Reached XP level 7. HP: 50/50 MP: 6/11
  4804 | D:5      | Reached skill level 5 in Conjurations
  5077 | D:5      | Found a basalt altar of Yredelemnul.
  5394 | D:5      | Got a slimy steel ring
  5480 | D:5      | Learned a level 4 spell: Sticky Flame
  5661 | D:6      | Found a stormy altar of Qazlal.
  5672 | D:6      | Found a staircase to the Ecumenical Temple.
  5677 | Temple   | Entered the Ecumenical Temple
  5813 | D:6      | Reached * piety under Okawaru
  5813 | D:6      | Reached XP level 8. HP: 41/57 MP: 8/13
  5995 | D:6      | Identified the ring "Plog" {+Inv MR+ Dex+4 Stlth+} (You found it on level 5 of the Dungeon)
  6101 | D:6      | Reached skill level 1 in Evocations
  6381 | D:6      | Reached skill level 2 in Evocations
  6682 | D:6      | Reached skill level 3 in Evocations
  7040 | D:7      | Noticed an ice statue
  7101 | D:7      | Reached skill level 4 in Evocations
  7132 | D:7      | Found a hazy altar of Hepliaklqana.
  7198 | D:7      | Noticed a deep elf mage
  7199 | D:7      | Found a transporter.
  7601 | D:7      | Found a transporter.
  7632 | D:7      | Found a runed door.
  7657 | D:7      | Found an ornate altar of the Wu Jian Council.
  7663 | D:7      | Reached skill level 5 in Evocations
  7735 | D:7      | Found a bloodstained altar of Trog.
  7738 | D:7      | Found a burning altar of Makhleb.
  7771 | D:7      | Reached skill level 6 in Evocations
  8090 | D:8      | Reached XP level 9. HP: 62/62 MP: 8/14
  8124 | D:8      | Reached ** piety under Okawaru
  8212 | D:8      | Found a snail-covered altar of Cheibriados.
  8298 | D:8      | Noticed a two-headed ogre
  8311 | D:8      | Killed a two-headed ogre
  8311 | D:8      | Reached skill level 8 in Evocations
  8533 | D:8      | Reached skill level 9 in Evocations
  8750 | D:8      | Reached *** piety under Okawaru
  8766 | D:8      | Reached skill level 10 in Evocations
  8845 | D:8      | Learned a level 5 spell: Fireball
  8885 | D:8      | Found an opulent altar of Gozag.
  8927 | D:8      | Found a staircase to the Lair.
  8944 | D:8      | Reached XP level 10. HP: 60/69 MP: 7/17
  9579 | D:8      | HP: 2/69 [hog (9)]
  9580 | D:8      | Reached **** piety under Okawaru
  9584 | D:8      | Slain by a hog

Vault maps used:
D:1:      lightli_arrival_flooded_house
D:2:      vehumet_crystals, old_standard_altar, chequers_ecumenical_altar_twisty
D:3:      yredelemnul_forgotten_temple_becter
D:4:      marbit_many_paths, kennysheep_mini_moat, uniq_menkaure
D:5:      basic_altar, first_bread
D:6:      nicolae_overflow_crystal_walls, minmay_temple_entry_glassed_door
D:7:      lemuel_ice_statue, gammafunk_temple_overflow_arena,
          nicolae_overflow_hidden_temple, kennysheep_little_box,
          uniq_crazy_yiuf_cottage
D:8:      slow_altar_1, nicolae_gozag_cash_rules_everything_around_me,
          minmay_lair_entry_grove, grunt_livestock
Temple:   nicolae_temple_figure_zero

Skill      XL: |  1  2  3  4  5  6  7  8  9 10 |
---------------+-------------------------------+-----
Conjurations   | 2 3 4 6 7 |  7.1
Spellcasting   | 2 3 4 |  4.6
Fire Magic     | 4 5 6 7 |  7.1
Evocations     | 6 10 | 10.1
Dodging        | |  1.5
Stealth        | |  1.5

Action                   |  1- 3 |  4- 6 |  7- 9 | 10-12 || total
-------------------------+-------+-------+-------+-------++-------
Melee: Short sword       |    79 |   130 |    32 |       ||   241
       Dire flail        |       |       |    98 |    25 ||   123
       Spear             |       |       |    13 |       ||    13
Throw: Tomahawk          |     1 |       |       |       ||     1
 Cast: Flame Tongue      |    15 |    60 |   127 |     8 ||   210
       Conjure Flame     |     1 |     2 |    12 |       ||    15
       Throw Flame       |       |    12 |    31 |     5 ||    48
       Sticky Flame      |       |       |     4 |    11 ||    15
Evoke: Wand              |       |       |       |     1 ||     1
  Use: Scroll            |       |     7 |     6 |       ||    13
       Potion            |       |       |     2 |       ||     2
 Stab: Sleeping          |     6 |     4 |     7 |     1 ||    18
  Eat: Chunk             |     3 |     8 |     8 |     3 ||    22
       Meat ration       |       |     1 |       |       ||     1
       Fruit             |       |       |     2 |       ||     2
       Bread ration      |       |       |     1 |       ||     1
Armor: Robe              |    17 |    42 |    50 |     6 ||   115
       Skin              |       |       |     4 |       ||     4
Dodge: Dodged            |    48 |   101 |   108 |    20 ||   277

Table legend:
 A = Spawn XP
 B = Non-spawn XP
 C = Spawn XP percentage of total XP
 D = Spawn monster count
 E = Non-spawn monster count
 F = Spawn count percentage of total count
 G = Total turns spent on level
                    A         B        C        D         E        F      G
               +---------+---------+-------+---------+---------+-------+---------
         Total |       0 |    6487 |   0.0 |       0 |     175 |   0.0 |  9584
               +---------+---------+-------+---------+---------+-------+---------
           D:1 |       0 |      50 |   0.0 |       0 |      27 |   0.0 |  1225
           D:2 |       0 |      69 |   0.0 |       0 |      20 |   0.0 |  1260
           D:3 |       0 |      74 |   0.0 |       0 |      22 |   0.0 |  1001
           D:4 |       0 |     412 |   0.0 |       0 |      17 |   0.0 |  1268
           D:5 |       0 |     553 |   0.0 |       0 |      12 |   0.0 |   887
           D:6 |       0 |     506 |   0.0 |       0 |      16 |   0.0 |  1221
           D:7 |       0 |     674 |   0.0 |       0 |      22 |   0.0 |  1086
           D:8 |       0 |    4149 |   0.0 |       0 |      39 |   0.0 |  1518
               +---------+---------+-------+---------+---------+-------+---------
